[Event "Early-Titled-Tuesday-Blitz-October-24-2023"]
[Site "Chess.com"]
[Date "2023.10.24"]
[Round "1"]
[White "GP9isback23"]
[Black "Pumpkin_in_moonlight"]
[Result "0-1"]
[WhiteElo "2618"]
[BlackElo "2349"]
[TimeControl "180+1"]
[EndTime "8:07:31 PDT"]
[Termination "Pumpkin_in_moonlight won by checkmate"]

1. Nf3 c5 2. e3 Nc6 3. d4 cxd4 4. exd4 d5 5. c4 Nf6 6. Nc3 g6 7. Be3 Bg7 8. Be2 O-O 9. O-O Bf5 10. Rc1 Rc8 11. c5 Ne4 12. Qb3 Na5 13. Qa4 Bd7 14. Qd1 Nxc3 15. Rxc3 a6 16. b4 Nc4 17. Qb3 Bb5 18.
a4 Nd2 19. Nxd2 Bxe2 20. Re1 Bg4 21. b5 axb5 22. axb5 e5 23. Qb4 e4 24. Bf4 Re8 25. Nb3 g5 26. Bd6 Bf8 27. Bxf8 Rxf8 28. Na5 b6 29. Nb7 Qe7 30. Nd6 bxc5 31. dxc5 Rcd8 32. b6 f5 33. b7 Rb8 34. c6 f4 35. Qc5 f3 36. Qxd5+ Kh8 37. c7 Rxb7 38. Nxb7 fxg2 39. Nd8 Qf6 40. Rc5 Qxf2# 0-1

[Event "Early-Titled-Tuesday-Blitz-October-24-2023"]
[Site "Chess.com"]
[Date "2023.10.24"]
[Round "1"]
[White "matenitian"]
[Black "jasonbolivar"]
[Result "1-0"]
[WhiteElo "2578"]
[BlackElo "2239"]
[TimeControl "180+1"]
[EndTime "8:07:31 PDT"]
[Termination "matenitian won on time"]

1. e4 c5 2. Nc3 Nc6 3. Bb5 Nd4 4. Bc4 e6 5. d3 Ne7 6. Nf3 Nec6 7. O-O Be7 8. a4 d6 9. Nxd4 cxd4 10. Ne2 O-O 11. f4 Bf6 12. Ng3 g6 13. Bd2 Bd7 14. a5 Bg7 15.
Qf3 Kh8 16. Qf2 f5 17. c3 e5 18. exf5 gxf5 19. Bd5 Nxa5 20. cxd4 Nc6 21. dxe5 dxe5 22. Nh5 Be8 23. Bc4 Bxh5 24. Bc3 Bg6 25. Qg3 exf4 26. Qxf4 Bxc3 27. bxc3 Qf6 28. d4 Rae8 29. Rab1 b6 30. h3 Re4 31. Qc7 Na5 32. Bd3 Re7 33. Qf4 Rfe8 34.
Kh1 Kg7 35. Rb5 Rf7 36. Rd5 Nb7 37. Bb5 Ref8 38. Bc4 Qe7 39. Re5 Qd7 40. Bxf7 Rxf7 41. Rfe1 Nd6 42. Re6 Ne4 43. Qe5+ Kh6 44. d5 1-0

[Event "Early-Titled-Tuesday-Blitz-October-24-2023"]
[Site "Chess.com"]
[Date "2023.10.24"]
[Round "1"]
[White "Herman-NY"]
[Black "abelmat"]
[Result "1-0"]
[WhiteElo "2528"]
[BlackElo "1982"]
[TimeControl "180+1"]
[EndTime "8:07:31 PDT"]
[Termination "Herman-NY won on time"]

1. e4 e6 2. d4 d5 3. e5 c5 4.
c3 Bd7 5. Nf3 Qb6 6. a3 cxd4 7.
cxd4 Bb5 8. Bxb5+ Qxb5 9. Nc3 Qb6 10. O-O Nc6 11. b4 Nge7 12. Na4 Qd8 13. Nc5 Rb8 14. Bb2 Nf5 15. Rc1 Be7 16. Nxb7 Rxb7 17. Rxc6 O-O 18. Qa4 Qd7 19. Rfc1 h5 20. Qa6 h4 21. h3 g6 22.
R1c2 Kg7 23. Nh2 Rfb8 24. Ng4 Bd8 25. Kh2 Be7 26. Bc3 Rc7 27. Bb2 Rbc8 28. Qxc8 Rxc8 29. Rxc8 Bf8 30. R8c7 Qa4 31. Nf6 Qb3 32. Ne8+ Kh7 33. Rc8 Bg7 34. Nd6 1-0

[Event "Early-Titled-Tuesday-Blitz-October-24-2023"]
[Site "Chess.com"]
[Date "2023.10.24"]
[Round "1"]
[White "Payyappat"]
[Black "bardiya_Daneshvar"]
[Result "0-1"]
[WhiteElo "2507"]
[BlackElo "2974"]
[TimeControl "180+1"]
[EndTime "8:07:32 PDT"]
[Termination "bardiya_Daneshvar won by resignation"]

1. e4 e5 2. Nf3 Nc6 3. Bc4 Nf6 4. d4 exd4 5. e5 d5 6. Bb5 Ne4 7. Nxd4 Bd7 8. Bxc6 bxc6 9. O-O Be7 10. f3 Nc5 11.
Be3 O-O 12. f4 Ne4 13. Nd2 c5 14. N4b3 Nxd2 15. Qxd2 d4 16. Bf2 Bb5 17. Rfd1 Qd5 18. Rac1 Bc6 19. Bg3 Rfd8 20. Qf2 a5 21. a3 a4 22. Nd2 c4 23. Nf3 Bc5 24. Kh1 Bb6 25. Rd2 d3 26. Qe1 Ba5 27. c3 Bd7 28. Qf1 Bb6 29.
Rcd1 Be3 30. Nd4 Bxd2 31. Rxd2 c5 32. Nf3 Rab8 33. Qf2 Bg4 34. Ne1 Qe4 35. Kg1 Rb5 36. h3 Be6 37. Bh2 Bd5 38. Nf3 h6 39. Kf1 Ba8 40.
Ng1 Re8 41. Rd1 Qb7 42. Rd2 Qe4 43. Rd1 Rb6 44. Nf3 Reb8 45. Rd2 Qb7 46. f5 Rxb2 47. e6 Rb1+ 48. Ne1 Re8 49. Qxc5 Qe4 50. Qf2 fxe6 51. f6 Rf8 52. Bf4 Rxe1+ 53. Qxe1 Qxf4+ 54.
Rf2 Qd6 55. Qe3 d2 56. Rxd2 Rxf6+ 57. Kg1 Bd5 58. Rb2 Qf4 59. Qxf4 Rxf4 60. Rb8+ Kh7 61. Rb3 cxb3 0-1

[Event "Early-Titled-Tuesday-Blitz-October-24-2023"]
[Site "Chess.com"]
[Date "2023.10.24"]
[Round "1"]
[White "SaqoChess_Twitch"]
[Black "Malikova777"]
[Result "1-0"]
[WhiteElo "2573"]
[BlackElo "2215"]
[TimeControl "180+1"]
[EndTime "8:07:32 PDT"]
[Termination "SaqoChess_Twitch won by resignation"]

1. d4 Nf6 2. c4 e6 3. Nc3 Bb4 4. a3 Bxc3+ 5. bxc3 c5 6. e3 d5 7. cxd5 Nxd5 8. Bd2 O-O 9. Bd3 Nc6 10. Ne2 Nf6 11.
O-O b6 12. a4 Bb7 13. Bc1 cxd4 14. cxd4 Nb4 15. Ba3 a5 16. Bxb4 axb4 17. Qb3 Qd6 18. Rfb1 Nd5 19. Be4 Rfc8 20. Bxd5 Qxd5 21. Qxd5 Bxd5 22.
Rxb4 Rc2 23. Nf4 Bc6 24. h4 h6 25. Rxb6 Rxa4 26. Rxa4 Bxa4 27. Rb8+ Kh7 28. Ra8 Bb5 29. Ra7 Kg8 30. Rb7 Ba4 31. Nd3 Rc8 32. Ne5 Be8 33.
g4 f6 34. Nd3 Bc6 35. Re7 Bd5 36. Nc5 Kf8 37. Rd7 Kg8 38. e4 Ba2 39. Ra7 Bc4 40.
Ra4 Bb5 41. Rb4 Bc6 42. f3 Re8 43. Rb6 Ba8 44. Rxe6 Rb8 45. Kf2 Kf7 46. Ra6 Rd8 47. Ke3 Kg6 48. h5+ Kg5 49. Ra7 Rg8 50. Rxg7+ Kh4 51.
Ne6 Re8 52. d5 Rb8 53. Rf7 Rb3+ 54. Kf4 Bb7 55. Rxf6 Ba6 56. Rxh6 Be2 57. Nd4 Rb2 58. Nxe2 Rxe2 59. d6 Rd2 60. e5 Rd4+ 61. Ke3 Rd1 62. Rg6 Kg3 63. h6 Re1+ 64. Kd2 Rxe5 65. h7 Rd5+ 66. Kc3 Kxf3 1-0

[Event "Early-Titled-Tuesday-Blitz-October-24-2023"]
[Site "Chess.com"]
[Date "2023.10.24"]
[Round "1"]
[White "chess123456s"]
[Black "Mariia89"]
[Result "1-0"]
[WhiteElo "2542"]
[BlackElo "2128"]
[TimeControl "180+1"]
[EndTime "8:07:32 PDT"]
[Termination "chess123456s won by resignation"]

1. d4 Nf6 2. Nc3 c5 3. d5 d6 4. e4 g6 5. Bb5+ Bd7 6. a4 Bg7 7. Nf3 O-O 8. O-O a6 9. Be2 b6 10. Nd2 e5 11. Nc4 Ne8 12. f4 exf4 13. Bxf4 Qe7 14.
Nxb6 Bxc3 15. Nxa8 Bxb2 16. Rb1 Bd4+ 17. Kh1 Qxe4 18. Nb6 Bh3 19. Bf3 Qxf4 20. gxh3 Nf6 21. Bg2 Qe3 22. Rb3 Qh6 23. Nc4 Rd8 24. Nxd6 Nbd7 25.
Rbf3 Qg5 26. Qc1 Qe5 27. Nc4 Qxd5 28. Rxf6 Qxc4 29. Rxf7 Qxf7 30. Rxf7 Kxf7 31. Qf1+ Kg7 32. Qxa6 Ne5 33. Qb7+ Rd7 34. Qb8 Re7 35. Bd5 Rd7 36. c4 Re7 37. Qd8 Ra7 38. a5 Rd7 39. Qg8+ Kh6 40. a6 Nd3 41. Qe8 Ra7 42. Bb7 Nf2+ 43. Kg2 Nd3 44. Qb8 Rxb7 45. axb7 Nb4 46. Qf8+ Bg7 47.
Qxg7+ Kxg7 48. b8=Q 1-0

[Event "Early-Titled-Tuesday-Blitz-October-24-2023"]
[Site "Chess.com"]
[Date "2023.10.24"]
[Round "1"]
[White "Politov_Pavel"]
[Black "Semetey"]
[Result "0-1"]
[WhiteElo "2059"]
[BlackElo "2535"]
[TimeControl "180+1"]
[EndTime "8:07:32 PDT"]
[Termination "Semetey won on time"]

1. d4 a6 2. e4 c6 3. Nf3 d5 4. exd5 cxd5 5. h3 Bf5 6. Bd3 Bxd3 7.
Qxd3 Nc6 8. c3 Nf6 9. Nbd2 e6 10. O-O Be7 11. Ne5 Nxe5 12. dxe5 Nd7 13. Re1 O-O 14. Nf3 b5 15. a4 Qb6 16. Bg5 Bc5 17. Re2 h6 18.
Bf4 Rfc8 19. a5 Qb7 20. Nd4 b4 21. Qg3 Kh8 22. Qh4 Bf8 23. Re3 bxc3 24. bxc3 Nc5 25.
Rg3 Ne4 26. Rg4 Qe7 27. Qh5 g6 28. Rxg6 fxg6 29. Qxg6 Re8 30. Bxh6 Qh7 31. Qxh7+ Kxh7 32. Bxf8 Rxf8 33. Nxe6 Rfc8 34. Rd1 Nxc3 35. Rd3 Ra7 36. Nf4 Rc5 37. Ne6 Rc4 38. Ng5+ Kg6 39. Nf3 Re7 40.
Nd2 Rc6 41. Nf3 Rc5 42. Nd4 Rxe5 43. f4 Re4 44. Nf3 Rxf4 45. Ne5+ Kf5 46. Nd7 Rc7 47. g4+ Ke4 0-1

[Event "Early-Titled-Tuesday-Blitz-October-24-2023"]
[Site "Chess.com"]
[Date "2023.10.24"]
[Round "1"]
[White "Duhless"]
[Black "tusplingher"]
[Result "1-0"]
[WhiteElo "3083"]
[BlackElo "2518"]
[TimeControl "180+1"]
[EndTime "8:07:33 PDT"]
[Termination "Duhless won by resignation"]

1. d4 Nf6 2. Nf3 e6 3. c4 Bb4+ 4. Nbd2 b6 5. g3 Bb7 6. Bg2 O-O 7. O-O Qe7 8. Nb1 Qd8 9. Bg5 h6 10. Bxf6 Qxf6 11. a3 Be7 12. Nc3 d5 13. cxd5 exd5 14.
Ne5 Rd8 15. Qb3 c6 16. e4 dxe4 17. Nxe4 Qe6 18. Qxe6 fxe6 19. Bh3 Rxd4 20. Bxe6+ Kh7 21. Bf5+ Kg8 22. Rfd1 c5 23. Rxd4 cxd4 24. Rc1 Na6 25. b4 Rf8 26. Ng6 Bxe4 27. Bxe4 Re8 28. Bc6 Bg5 29. f4 Rd8 30. fxg5 hxg5 31. Bb5 Nb8 32. Ne5 Kh7 33. Bd3+ Kg8 34. Rc7 a5 35. Kg2 axb4 36.
axb4 b5 37. Bxb5 Kh7 38. Bd3+ Kg8 39. Kf3 Re8 40. Bg6 Rf8+ 41. Kg4 Na6 42. Rc4 Rd8 43.
b5 Nb8 44. Kxg5 Kf8 45. Bd3 Rd5 46. Kf4 Rd8 47. Rc7 Re8 48. Bc4 Re6 1-0

[Event "Early-Titled-Tuesday-Blitz-October-24-2023"]
[Site "Chess.com"]
[Date "2023.10.24"]
[Round "1"]
[White "Matols"]
[Black "GMG"]
[Result "0-1"]
[WhiteElo "2420"]
[BlackElo "2775"]
[TimeControl "180+1"]
[EndTime "8:07:34 PDT"]
[Termination "GMG won by resignation"]

1. d4 d5 2. c4 e6 3. Nf3 a6 4.
cxd5 exd5 5. Nc3 c6 6. Bg5 Be7 7.
Bxe7 Qxe7 8. e3 Bg4 9. h3 Bxf3 10.
Qxf3 Nf6 11. Bd3 O-O 12. O-O Re8 13. Rfc1 Nbd7 14. Na4 g6 15. Nc5 Nxc5 16. Rxc5 Nd7 17. Rc2 a5 18. Rac1 Kg7 19. g3 f5 20. h4 a4 21. Kg2 Qd6 22. h5 Nf6 23. Rh1 Rf8 24.
hxg6 hxg6 25. Rcc1 a3 26. b3 Rh8 27. Qe2 Qb4 28. Qc2 Rxh1 29. Rxh1 Rh8 30. Rxh8 Kxh8 31. f3 Kg7 32. Kf2 Qd6 33. Qd1 Nh5 34. Qg1 Nf6 35. Qc1 b6 36. Qc2 Nh5 37. f4 Nf6 38. Kf3 c5 39.
dxc5 bxc5 40. Qc3 d4 41. exd4 Qd5+ 42. Kf2 Ng4+ 43. Ke1 Qh1+ 44. Kd2 Nf2 45. d5+ Kf7 46. Be2 Ne4+ 0-1

[Event "Early-Titled-Tuesday-Blitz-October-24-2023"]
[Site "Chess.com"]
[Date "2023.10.24"]
[Round "1"]
[White "zverr1"]
[Black "GMWSO"]
[Result "0-1"]
[WhiteElo "2517"]
[BlackElo "3078"]
[TimeControl "180+1"]
[EndTime "8:07:36 PDT"]
[Termination "GMWSO won by resignation"]

1. e4 d6 2. d4 Nf6 3. Nc3 g6 4. h3 Bg7 5. Be3 a6 6. a4 Nc6 7. Nge2 e5 8. g4 exd4 9. Nxd4 O-O 10. Bg2 Re8 11. O-O Bd7 12. Qd2 Nxd4 13. Bxd4 c5 14. Be3 Bc6 15. Bg5 Qc7 16. Rfe1 Re6 17. f4 Rae8 18. Nd5 Nxd5 19. exd5 Rxe1+ 20. Rxe1 Bxa4 21. c3 Qd7 22. Bh4 Rxe1+ 23. Qxe1 Qe8 24. Qd2 Bb5 25.
Bg3 f5 26. gxf5 gxf5 27. Qc2 Qg6 28. Kh2 Bf6 29. Bf3 Bd7 30. Qb3 b5 31. Qa2 Bc8 32.
Qa5 Qe8 33. Qc7 Qd8 34. Qb8 Be7 35. Be2 Bd7 36. Qa7 Bc8 37. Bd3 Kf8 38. Qb8 Kf7 39.
Qa8 Qd7 40. Qb8 h6 41. Bf2 Qb7 42. Qxb7 Bxb7 43. Kg3 Bxd5 44. Bxf5 a5 45. Bd3 b4 46. c4 Bc6 47. b3 a4 48. bxa4 Bxa4 49. Bb1 Bb3 50. Bd3 Ba2 51. Be1 b3 52. Bc3 Bf6 53.
Bxf6 Kxf6 54. Kg4 b2 55. Kh5 Bxc4 0-1

[Event "Early-Titled-Tuesday-Blitz-October-24-2023"]
[Site "Chess.com"]
[Date "2023.10.24"]
[Round "1"]
[White "AndrewB92"]
[Black "DopplerCharlotteDeWitte"]
[Result "1-0"]
[WhiteElo "2457"]
[BlackElo "2792"]
[TimeControl "180+1"]
[EndTime "8:07:39 PDT"]
[Termination "AndrewB92 won by resignation"]

1. d4 Nf6 2. c4 e6 3. Nc3 d5 4.
Nf3 Bb4 5. Bg5 Nbd7 6. e3 h6 7. Bh4 g5 8. Bg3 Ne4 9. Qc2 h5 10. cxd5 exd5 11. h4 Nxg3 12. fxg3 gxh4 13. gxh4 c6 14. O-O-O Nf6 15. Ng5 Qe7 16. Bd3 Bxc3 17. Qxc3 Be6 18. Rhf1 O-O-O 19. Rde1 Kb8 20. a3 Rhg8 21.
Rf4 Ng4 22. Qc5 Qxc5+ 23. dxc5 Rde8 24. Kd2 Ne5 25. Ref1 Kc7 26. b4 b6 27. Nxe6+ fxe6 28. R1f2 Re7 29. Be2 Rh8 30. Kc3 Nd7 31. Rf7 Rxf7 32.
Rxf7 bxc5 33. bxc5 Kd8 34. Kb4 Rg8 35. Bf3 e5 36. Rh7 e4 37. Bxh5 Rxg2 38. Rh8+ Ke7 39. Rh7+ Ke6 40. Bf7+ Ke5 41. Bxd5 Nf6 42. Bxe4 Nxh7 43.
Bxg2 Nf6 44. Bxc6 Ng4 45. Bf3 Nxe3 46. Kb5 Nf5 47. h5 Ke6 48. Bg4 1-0

[Event "Early-Titled-Tuesday-Blitz-October-24-2023"]
[Site "Chess.com"]
[Date "2023.10.24"]
[Round "1"]
[White "m_ezat"]
[Black "LaPiToB"]
[Result "1-0"]
[WhiteElo "2612"]
[BlackElo "2287"]
[TimeControl "180+1"]
[EndTime "8:07:39 PDT"]
[Termination "m_ezat won on time"]

1. d4 Nf6 2. c4 e6 3. Nc3 Bb4 4. e3 O-O 5. a3 Bxc3+ 6. bxc3 c5 7. Bd3 d6 8. Ne2 Nc6 9. O-O b6 10. e4 e5 11. Bg5 h6 12. Bh4 Ba6 13. f4 exf4 14. Nxf4 g5 15. Nh5 Nxh5 16. Qxh5 Kg7 17. e5 dxe5 18. Rf5 gxh4 19. Raf1 Qe7 20. Qg4+ Kh8 21.
Rh5 Qe6 22. Bf5 Qd6 23. Qxh4 Kg7 24. Qg3+ Kf6 25. Rxh6+ Ke7 26. Rxd6 Kxd6 27. d5 Ne7 28. Re1 f6 29. Be6 Bxc4 30. Qg4 Bb5 31. c4 Ba4 32. h4 Rad8 33. h5 Kc7 34. Qg7 Rde8 35. Bf7 Rd8 36.
Bg6 Rd7 37. Qxf8 Nxg6 38. Qxf6 Nf4 39. Qxe5+ Kb7 40. Qxf4 Bb3 41. Re6 Bxc4 42. Qxc4 1-0

[Event "Early-Titled-Tuesday-Blitz-October-24-2023"]
[Site "Chess.com"]
[Date "2023.10.24"]
[Round "1"]
[White "vovachesss"]
[Black "esrosenberg"]
[Result "0-1"]
[WhiteElo "2783"]
[BlackElo "2452"]
[TimeControl "180+1"]
[EndTime "8:07:40 PDT"]
[Termination "esrosenberg won on time"]

1. e4 e5 2. Nf3 Nc6 3. Nc3 Nf6 4.
d4 exd4 5. Nxd4 Bb4 6. Nxc6 bxc6 7. Bd3 d5 8. exd5 O-O 9. O-O cxd5 10. h3 c6 11. Qf3 Rb8 12. Bf4 Bd6 13. b3 Rb4 14. Ne2 Re8 15. Rad1 Ne4 16. c4 Nc5 17. Bc2 Be6 18.
Bxd6 Qxd6 19. Nc3 Rd8 20. Rfe1 Rbb8 21. Qh5 g6 22. Qh6 Qf8 23. Qe3 Na6 24. cxd5 cxd5 25.
Bb1 Rb7 26. Ne2 Nb4 27. Nd4 Re8 28. Qf4 Rb6 29. Re3 Nc6 30. Rde1 Nxd4 31. Qxd4 Qb4 32. Qf6 Qe7 33. Qf4 a5 34. h4 Rb4 35. Qg5 Rxh4 36.
Qxd5 Bxd5 37. Rxe7 Rxe7 38. Rxe7 Rd4 39. Re1 f5 40. f3 Kf7 41. Kf2 Rd2+ 42. Re2 Rxe2+ 43.
Kxe2 Ke6 0-1

[Event "Early-Titled-Tuesday-Blitz-October-24-2023"]
[Site "Chess.com"]
[Date "2023.10.24"]
[Round "1"]
[White "twofoxniel"]
[Black "gpsji27"]
[Result "1-0"]
[WhiteElo "2606"]
[BlackElo "2282"]
[TimeControl "180+1"]
[EndTime "8:07:40 PDT"]
[Termination "twofoxniel won by resignation"]

1. e4 e5 2. Nf3 Nc6 3. Nc3 Nf6 4. d4 exd4 5. Nxd4 Bb4 6. Nxc6 bxc6 7. Bd3 d5 8. exd5 O-O 9. O-O cxd5 10. Bg5 c6 11. Na4 Bd6 12. c4 Be6 13. Rc1 h6 14. Bh4 Be7 15.
cxd5 Bxd5 16. Nc3 Be6 17. Re1 Rb8 18. b3 Rb4 19. Bg3 Rd4 20. Re3 Bf5 21. Bxf5 Rxd1+ 22. Rxd1 Nd5 23. Be4 Bc5 24. Red3 Qa5 25. Nxd5 cxd5 26.
Rxd5 Qb6 27. h3 Re8 28. Bf3 a5 29. R5d2 Bb4 30. Rd7 Qb5 31. R7d5 Qa6 32. Rd7 Qf6 33. Bd5 Rf8 34. Rd3 Qa1+ 35. Kh2 Qxa2 36. Rf3 Qe2 37.
Rdxf7 Rxf7 38. Rxf7 Kh8 39. Rf3 Qe7 40. Bc4 Qc5 41. Rd3 Qf5 42. Rd8+ Bf8 43. Bd6 g6 44. Rxf8+ 1-0

[Event "Early-Titled-Tuesday-Blitz-October-24-2023"]
[Site "Chess.com"]
[Date "2023.10.24"]
[Round "1"]
[White "PLAYER_2006_M"]
[Black "Haykoooo0o"]
[Result "0-1"]
[WhiteElo "2837"]
[BlackElo "2483"]
[TimeControl "180+1"]
[EndTime "8:07:41 PDT"]
[Termination "Haykoooo0o won by checkmate"]

1. d4 Nf6 2. Nc3 d5 3. Bf4 c6 4. e3 Bf5 5. f3 Bg6 6. g4 e6 7. h4 h5 8. g5 Ng8 9. Nge2 Bd6 10.
Qd2 Ne7 11. O-O-O b5 12. Bxd6 Qxd6 13. Nf4 a5 14. e4 a4 15. exd5 exd5 16. Re1 O-O 17.
Bd3 b4 18. Nce2 b3 19. a3 bxc2 20. Nc3 Nd7 21. Re2 Nf5 22. Bxc2 Ng3 23. Rhe1 Nxe2+ 24. Rxe2 Rae8 25. Bxa4 Rxe2 26. Ncxe2 Nb6 27. Bb3 Nc4 28.
Bxc4 dxc4 29. Qe3 Rb8 30. Nc3 Qd7 31. d5 cxd5 32. Ncxd5 Kh7 33. Qd4 Qf5 34. Nxg6 fxg6 35. Nc3 Qxf3 36. Qxc4 Qh1+ 37. Kc2 Qh2+ 38. Ne2 Qh3 39.
a4 Rc8 40. Qxc8 Qxc8+ 41. Nc3 Qf5+ 42. Kb3 Qe6+ 43. Kb4 Qd6+ 44. Kc4 Qf4+ 45. Kb5 Qxh4 46. a5 Qxg5+ 47. Kc6 Qxa5 48. Nd5 h4 49. b4 Qa8+ 50. Kd6 h3 51. b5 h2 52. Nc7 Qb7 53. Ne6 h1=Q 54. b6 Qhc6+ 55. Ke5 Qbxb6 56. Ng5+ Kh6 57. Nf7+ Kh5 58. Ng5 Qe3+ 59. Ne4 Qexe4# 0-1

[Event "Early-Titled-Tuesday-Blitz-October-24-2023"]
[Site "Chess.com"]
[Date "2023.10.24"]
[Round "1"]
[White "CSB7"]
[Black "sebastianmarinp"]
[Result "1-0"]
[WhiteElo "2741"]
[BlackElo "2400"]
[TimeControl "180+1"]
[EndTime "8:07:41 PDT"]
[Termination "CSB7 won by resignation"]

1. e4 e6 2. d4 d5 3. Nd2 Nf6 4. e5 Nfd7 5. f4 c5 6. c3 Nc6 7. Ndf3 cxd4 8. cxd4 Bb4+ 9. Bd2 Qb6 10. Bxb4 Qxb4+ 11. Qd2 Nb6 12. Bd3 Bd7 13. Ne2 Nc4 14.
Qxb4 Nxb4 15. Bb1 Nxb2 16. a3 Nc6 17. O-O Na5 18. f5 exf5 19. Nf4 Be6 20. Ng5 Ke7 21. g4 g6 22. h4 Nbc4 23. gxf5 gxf5 24. Bxf5 Ne3 25.
Bxe6 fxe6 26. Nfxe6 Nxf1 27. Rxf1 Raf8 28. Rxf8 Rxf8 29.
Nxf8 Kxf8 30. Nxh7+ Ke7 31. Nf6 Ke6 32. h5 Nc6 33. h6 Kf7 34. h7 Kg7 35. e6 Ne7 36.
Kf2 b5 37. Ke2 a5 38. Kd3 Ng6 39. Nxd5 Kxh7 40. e7 Nxe7 41. Nxe7 b4 42. axb4 axb4 43.
Nc6 Kg7 44. Nxb4 Kf6 45. Ke4 Ke6 46. d5+ Kd6 47. Kd4 Kd7 48. Kc5 Kc7 49. d6+ Kd7 50. Kd5 Kd8 51. Ke6 1-0

[Event "Early-Titled-Tuesday-Blitz-October-24-2023"]
[Site "Chess.com"]
[Date "2023.10.24"]
[Round "1"]
[White "leejunhyeok"]
[Black "ExcitingTrap"]
[Result "1-0"]
[WhiteElo "2664"]
[BlackElo "2347"]
[TimeControl "180+1"]
[EndTime "8:07:41 PDT"]
[Termination "leejunhyeok won on time"]

1. d4 Nf6 2. c4 e6 3. Nf3 d5 4. Nc3 c5 5. cxd5 Nxd5 6. e4 Nxc3 7. bxc3 cxd4 8. cxd4 Bb4+ 9. Bd2 Bxd2+ 10. Qxd2 O-O 11.
Bc4 Nd7 12. O-O b6 13. Rad1 Bb7 14. Rfe1 Rc8 15. Bb3 h6 16. Re3 Re8 17. Qe1 Qc7 18. h4 Qf4 19. g3 Qg4 20. d5 exd5 21. e5 Nc5 22. Nd4 Rcd8 23. f3 Qh3 24. Bc2 g6 25.
Rd2 Qd7 26. h5 Kg7 27. hxg6 fxg6 28. e6 Qe7 29. f4 Ne4 30. Bxe4 dxe4 31. Rc3 Kh8 32.
Qe3 Qf6 33. f5 gxf5 34. Rc7 Bd5 35. Nxf5 Bxe6 36. Rh2 Rd1+ 37. Kg2 Bxf5 38. Rxh6+ 1-0

[Event "Early-Titled-Tuesday-Blitz-October-24-2023"]
[Site "Chess.com"]
[Date "2023.10.24"]
[Round "1"]
[White "pinguino120"]
[Black "HajiyevKanan"]
[Result "0-1"]
[WhiteElo "2193"]
[BlackElo "2561"]
[TimeControl "180+1"]
[EndTime "8:07:41 PDT"]
[Termination "HajiyevKanan won by resignation"]

1. e4 c6 2. d4 d5 3. e5 a6 4. c4 Bf5 5. Nc3 e6 6. h4 h5 7. Bd3 Ne7 8. Bg5 Bxd3 9. Qxd3 Qb6 10. Nf3 Nd7 11. O-O Ng6 12. a4 Bb4 13. a5 Bxa5 14.
Rfb1 Bb4 15. Ra4 a5 16. c5 Qa6 17. Qxa6 Rxa6 18. Na2 f6 19. exf6 gxf6 20. Be3 Ke7 21. Nxb4 axb4 22. Rxb4 b5 23. cxb6 Rxb6 24. Rxb6 Nxb6 25.
Bd2 Nc4 26. Bb4+ Kd7 27. b3 Nd6 28. Bc5 Ne4 29. Ra1 Nxc5 30. dxc5 Rc8 31. Nd4 Rc7 32.
b4 Nxh4 33. b5 cxb5 34. c6+ Ke7 35. Rc1 b4 36. Nb5 Rc8 37. c7 Kd7 38. Rb1 Nf5 39.
Rxb4 Nd6 40. Nxd6 Kxd6 41. Rh4 Rxc7 42. Rxh5 Rg7 43. Rh3 f5 44. Ra3 Ke5 45. f3 d4 46.
Kf2 Rd7 47. Ra5+ Rd5 48. Ra3 f4 49. g3 fxg3+ 50. Kxg3 d3 51. Kf2 d2 52. Re3+ Kf5 0-1

[Event "Early-Titled-Tuesday-Blitz-October-24-2023"]
[Site "Chess.com"]
[Date "2023.10.24"]
[Round "1"]
[White "Truequitos"]
[Black "abhidabhi"]
[Result "0-1"]
[WhiteElo "2480"]
[BlackElo "2876"]
[TimeControl "180+1"]
[EndTime "8:07:44 PDT"]
[Termination "abhidabhi won on time"]

1. Nf3 Nf6 2. d4 b6 3. g3 e6 4. Bg2 c5 5. c3 Bb7 6. O-O Be7 7. a3 O-O 8. b4 cxd4 9. cxd4 d6 10. Bb2 Nbd7 11.
Nbd2 Ne4 12. Rc1 Nxd2 13. Qxd2 Nf6 14. Qd3 Qd7 15. Nd2 Bxg2 16. Kxg2 Qb7+ 17. f3 d5 18. Rc2 a5 19. b5 a4 20. Rfc1 Rfc8 21. Rc6 Ne8 22. Qc2 Nd6 23. Rc7 Rxc7 24. Qxc7 Qxc7 25. Rxc7 Bd8 26. Rd7 Nxb5 27. e4 dxe4 28. fxe4 Kf8 29. d5 exd5 30. Rxd5 Nc7 31. Rd7 Ne6 32. Nc4 Nc5 33.
Rd4 b5 34. Rd5 Be7 35. Nb6 Rd8 36. Kf3 Nd3 37. Rxd8+ Bxd8 38. Bd4 Be7 39. Ke3 Ne1 40. Nd7+ Ke8 41. Nc5 Nc2+ 42. Kd3 Nxa3 43. Na6 Kd7 44.
Bxg7 Nc4 45. Kd4 a3 46. Nc5+ Kc6 47. Nb3 a2 48. Kc3 f6 49. e5 fxe5 50. Kc2 Ba3 0-1

[Event "Early-Titled-Tuesday-Blitz-October-24-2023"]
[Site "Chess.com"]
[Date "2023.10.24"]
[Round "1"]
[White "ShahxaibKhan"]
[Black "MatyChess1"]
[Result "0-1"]
[WhiteElo "2404"]
[BlackElo "2746"]
[TimeControl "180+1"]
[EndTime "8:07:45 PDT"]
[Termination "MatyChess1 won on time"]

1. e4 c6 2. d4 d5 3. exd5 cxd5 4.
c4 Nf6 5. Nc3 g6 6. Qb3 Bg7 7.
cxd5 O-O 8. Be2 Nbd7 9. Bf3 Nb6 10. Nge2 Bf5 11. O-O Bd3 12. Qd1 Ba6 13. b4 Bc4 14. d6 Qxd6 15. Bxb7 Rab8 16. Bf4 Qxb4 17. Bxb8 Rxb8 18. Rb1 Qa3 19. Bf3 Rd8 20. Qc1 Qa5 21. Rd1 h5 22. Qc2 Rc8 23. Qd2 Qf5 24. a4 Rd8 25. a5 Qxa5 26. Ra1 Qb4 27. Rxa7 Ng4 28. Bxg4 hxg4 29. Rb1 Qd6 30. Qe3 Be6 31. Qc1 Rc8 32.
Qb2 Nc4 33. Qb4 Nd2 34. Qxd6 exd6 35. Rd1 Nb3 36. Ne4 Rc2 37. Nf4 Bf5 38. Ng3 Nxd4 39. Ra8+ Kh7 40. Nxf5 Nxf5 41. g3 Bd4 42. Rf1 Be5 0-1

[Event "Early-Titled-Tuesday-Blitz-October-24-2023"]
[Site "Chess.com"]
[Date "2023.10.24"]
[Round "1"]
[White "wanyaland"]
[Black "GMSrinath"]
[Result "0-1"]
[WhiteElo "2462"]
[BlackElo "2834"]
[TimeControl "180+1"]
[EndTime "8:07:46 PDT"]
[Termination "GMSrinath won on time"]

1. d4 f5 2. g3 Nf6 3. Bg2 g6 4. c4 Bg7 5. Nc3 O-O 6. Nf3 d6 7. Rb1 Nc6 8. b4 e5 9. b5 Nxd4 10. Nxd4 exd4 11. Qxd4 Kh8 12. Qd3 Rb8 13. O-O Ng4 14. Nd5 Ne5 15. Qc2 Be6 16. Rd1 Qd7 17. c5 c6 18. Nf4 d5 19. e4 fxe4 20. Bxe4 Qf7 21. Nxe6 Qxe6 22. Bg2 Rbe8 23. bxc6 bxc6 24. Bf4 Nc4 25. Rb7 Re7 26. Rxe7 Qxe7 27. h3 Qxc5 28. Rb1 Qe7 29. Bf1 Na3 30. Qc1 Nxb1 31. Qxb1 c5 32. Bg2 Qf7 33. Qc2 c4 34. Bd6 Re8 35.
Bc5 d4 36. Qa4 d3 37. Be3 c3 38. Bf1 d2 39. Be2 Rb8 40. Kg2 Qd5+ 41. Bf3 Qd3 42. Qxa7 Rf8 43. Bd1 c2 44. Bxc2 Qxc2 0-1

[Event "Early-Titled-Tuesday-Blitz-October-24-2023"]
[Site "Chess.com"]
[Date "2023.10.24"]
[Round "1"]
[White "N4700000"]
[Black "tarno17"]
[Result "1-0"]
[WhiteElo "2538"]
[BlackElo "2115"]
[TimeControl "180+1"]
[EndTime "8:07:46 PDT"]
[Termination "N4700000 won on time"]

1. e4 c5 2. Nf3 e6 3. c4 a6 4. Nc3 Qc7 5. Be2 Nc6 6. O-O Nf6 7. d4 cxd4 8. Nxd4 Bb4 9. Na4 Nxe4 10. Bf3 Nf6 11. c5 Ne5 12. Bf4 Nxf3+ 13. Qxf3 Qa5 14. Nb6 Bxc5 15. Nxa8 Bxd4 16. Nc7+ Kf8 17. Rac1 d5 18.
Bd6+ Kg8 19. Nb5 Bd7 20. Nxd4 Ne8 21. Bg3 h6 22. Qa3 Qxa3 23. bxa3 Kh7 24. Nb3 Nf6 25. Na5 b6 26. Nc6 Ne4 27. Ne5 Be8 28. Rc7 f6 29. Nd3 h5 30. Rfc1 Bg6 31. Nf4 Bf5 32. h4 Kh6 33.
Rb7 g5 34. Nh3 gxh4 35. Bxh4 Rg8 36. Kh2 Ng5 37. Nxg5 fxg5 38. Bg3 h4 39. Be5 g4 40. Rcc7 h3 41. g3 Rf8 42. Rf7 Rg8 43. Rf6+ Bg6 44.
Re7 Rc8 45. Rexe6 1-0

[Event "Early-Titled-Tuesday-Blitz-October-24-2023"]
[Site "Chess.com"]
[Date "2023.10.24"]
[Round "1"]
[White "Drags95"]
[Black "Ducke13"]
[Result "1-0"]
[WhiteElo "2847"]
[BlackElo "2466"]
[TimeControl "180+1"]
[EndTime "8:07:47 PDT"]
[Termination "Drags95 won by checkmate"]

1. d4 Nf6 2. c4 g6 3. Nc3 Bg7 4. e4 d6 5. Be2 O-O 6. Be3 Nc6 7.
d5 Ne5 8. f4 Neg4 9. Bd2 Nh6 10. Nf3 e6 11. dxe6 fxe6 12. O-O Nh5 13. Ng5 Nf6 14. Kh1 Qe7 15. c5 Nf7 16. Nxf7 Rxf7 17.
cxd6 cxd6 18. Be3 Bd7 19. Bc4 Kh8 20. Qe2 Re8 21. Bxa7 Bc6 22. Bd4 d5 23. exd5 exd5 24. Qxe7 Rfxe7 25. Bd3 Ne4 26. Bxg7+ Kxg7 27. Bxe4 dxe4 28.
Rad1 e3 29. Rfe1 Rf8 30. Rd4 h5 31. Kg1 h4 32. Nd1 Ref7 33. Rxe3 Rxf4 34. Rxf4 Rxf4 35. Nc3 Rg4 36. g3 hxg3 37. hxg3 Rb4 38. b3 Rd4 39. Kf2 Rd2+ 40. Re2 Rd3 41. Ne4 Rd4 42. Kf3 Rd3+ 43. Kf4 Rd1 44. g4 Rf1+ 45. Kg5 Ra1 46. Nc5 Kf7 47.
Rf2+ Kg7 48. Ne6+ Kh7 49. Nf8+ Kg7 50. Nxg6 Rc1 51. Ne5 Rc5 52. Rf7+ Kg8 53. Re7 Be4 54. Kf6 Bb1 55. g5 Bxa2 56. Re8+ Kh7 57. g6+ Kh6 58. Rh8# 1-0